 Dungeon Crawl Stone Soup version 0.20.1-1-g8b1a95d (webtiles) character file.

294 Schiappus the Chopper (level 6, -10/61 HPs)
             Began as a Troll Berserker on Oct 30, 2017.
             Was a Believer of Trog.
             Mangled by an ogre
             ... wielding a +0 giant club
              (15 damage)
             ... on level 4 of the Dungeon.
             The game lasted 00:18:11 (2688 turns).

Schiappus the Chopper (Troll Berserker)             Turns: 2688, Time: 00:18:12

Health: -10/61     AC:  7    Str: 28    XL:     6   Next: 11%
Magic:  5/5        EV: 11    Int:  4    God:    Trog [**....]
Gold:   183        SH:  0    Dex: 10    Spells: 5/5 levels left

rFire    + . .     SeeInvis .   a - +1 hand axe
rCold    . . .     Gourm    +   (no shield)
rNeg     . . .     Faith    .   b - +1 animal skin
rPois    .         Spirit   .   (helmet restricted)
rElec    .         Reflect  .   d - scarf {cloud immunity}
rCorr    .         Harm     .   (gloves unavailable)
MR       +....                  (boots unavailable)
Stlth    +.........             (no amulet)
Regen    0.6/turn               j - ring of protection from magic
MPRegen  0.1/turn               (no ring)

@: no status effects
A: unfitting armour, claws 3, hooves 1, icy blue scales 1, deformed body, fire
resistance 1, fast metabolism 3, gourmand, regeneration 1, shaggy fur 1, strong
1, tough skin 2
a: Berserk, Trog's Hand, Burn Spellbooks, Renounce Religion


You were on level 4 of the Dungeon.
You worshipped Trog.
Trog was pleased with you.
You were completely stuffed.

You visited 1 branch of the dungeon, and saw 4 of its levels.
You also visited: Sewer.

You collected 183 gold pieces.

Inventory:

Hand Weapons
 a - a +1 hand axe (weapon)
Armour
 b - a +1 animal skin (worn)
 d - a scarf of cloud immunity (worn)
Jewellery
 j - a ring of protection from magic (left claw)
Scrolls
 e - 3 scrolls of remove curse
 g - a scroll of fog
 l - a scroll of teleportation
 s - 2 scrolls of immolation
Potions
 h - 5 potions of curing
 i - a potion of berserk rage
 n - a potion of flight
Comestibles
 c - 4 bread rations
 f - 4 chunks of flesh
 k - a meat ration
 o - 4 fruits


   Skills:
 + Level 3.4 Fighting
 + Level 4.2 Axes
 + Level 3.6 Dodging
 + Level 0.3 Stealth


You had 5 spell levels left.
You didn't know any spells.

Dungeon Overview and Level Annotations

Branches:
Dungeon (4/15)
 Temple: D:4-7

Altars:
Dithmenos
Elyvilon
Fedhas
Nemelex Xobeh
Okawaru
Qazlal
Ru
Xom
Yredelemnul
Zin


Innate Abilities, Weirdness & Mutations

You are too large for most types of armour.
You have claws for hands.
Your metabolism is lightning-fast.
You like to eat raw meat.
Your natural rate of healing is unusually fast.
You are covered in fur. (AC +1)
You have very tough skin. (AC +2)
You have large cloven feet.
You are partially covered in icy blue scales. (AC +2)
Armour fits poorly on your strangely shaped body.
Your flesh is heat resistant. (rF+)
Your muscles are strong. (Str +2)


Message History

You kill the hobgoblin!
Trog accepts your kill. 2 ogres come into view.
The ogre shouts!
Things that are here:
a club; a hobgoblin corpse You butcher the hobgoblin corpse.
Things that are here:
a club; 2 chunks of flesh; a hobgoblin skeleton
There is a stone staircase leading down here.
The ogre hits you with a giant club!! The ogre hits you with a giant club!
The ogre hits you with a giant club!!
* * * LOW HITPOINT WARNING * * *
You hit the ogre. Your kick misses the ogre.
The ogre is moderately wounded.
You slash the ogre! The ogre hits you with a giant club.
* * * LOW HITPOINT WARNING * * *
The ogre hits you with a giant club!
You die...

###.#######
.......<..#
###.#####.# #
#.#####@# .#
#.....OO###.#
######...#.# ##
#.........## .. .
..####.....#.#.#.#
#..$.>).......
.............#.#.#
#####.......## .
##.........


You could see 2 ogres.

Vanquished Creatures
  A big kobold (Sewer)
  An orc priest (D:3)
  An orc wizard (D:3)
  8 adders
  3 worms
  3 dart slugs
  3 leopard geckos
  An orc (D:3)
  A ball python (D:1)
  11 bats
  2 giant cockroaches (D:3)
  8 goblins
  7 hobgoblins
  5 jackals
  2 quokkas
  6 frilled lizards
  9 kobolds
  11 rats
83 creatures vanquished.

Notes
Turn   | Place    | Note
-------+----------+-------------------------------------------
     0 | D:1      | Schiappus the Troll Berserker began the quest for the Orb.
     0 | D:1      | Reached XP level 1. HP: 22/22 MP: 0/0
   144 | D:1      | Reached XP level 2. HP: 29/29 MP: 1/1
   446 | D:1      | Reached XP level 3. HP: 36/36 MP: 2/2
   795 | D:2      | Reached ** piety under Trog
   826 | D:2      | Reached skill level 3 in Axes
  1151 | D:2      | Found a stormy altar of Qazlal.
  1152 | D:2      | Found a shadowy altar of Dithmenos.
  1153 | D:2      | Found a glowing silver altar of Zin.
  1154 | D:2      | Found an iron altar of Okawaru.
  1161 | D:2      | Found a sparkling altar of Nemelex Xobeh.
  1162 | D:2      | Found a blossoming altar of Fedhas.
  1275 | D:2      | Found a sacrificial altar of Ru.
  1420 | D:2      | Gained mutation: Armour fits poorly on your strangely shaped body. [potion of mutation]
  1420 | D:2      | Gained mutation: Your flesh is heat resistant. (rF+) [potion of mutation]
  1420 | D:2      | Gained mutation: You have large cloven feet. [potion of mutation]
  1512 | D:2      | Reached XP level 4. HP: 45/45 MP: 3/3
  1717 | D:3      | Reached XP level 5. HP: 53/53 MP: 4/4
  1769 | D:3      | Found a shimmering altar of Xom.
  1919 | D:3      | Found a basalt altar of Yredelemnul.
  1981 | D:3      | Found a white marble altar of Elyvilon.
  2085 | D:3      | Found a glowing drain.
  2089 | Sewer    | Entered a sewer
  2182 | Sewer    | Reached skill level 4 in Axes
  2182 | Sewer    | Reached XP level 6. HP: 56/61 MP: 5/5
  2201 | Sewer    | Found a glowing silver altar of Zin.
  2334 | Sewer    | Lost mutation: Your flesh is heat resistant. (rF+) [potion of mutation]
  2334 | Sewer    | Lost mutation: Armour fits poorly on your strangely shaped body. [potion of mutation]
  2334 | Sewer    | Gained mutation: Armour fits poorly on your strangely shaped body. [potion of mutation]
  2334 | Sewer    | Gained mutation: Your flesh is heat resistant. (rF+) [potion of mutation]
  2334 | Sewer    | Gained mutation: Your muscles are strong. (Str +2) [potion of mutation]
  2334 | Sewer    | Gained mutation: You are partially covered in icy blue scales. (AC +2) [potion of mutation]
  2688 | D:4      | Mangled by an ogre

Skill      XL: |  1  2  3  4  5 |
---------------+----------------+-----
Fighting       | 3 |  3.4
Axes           | 3 4 |  4.2
Dodging        | 3 |  3.6
Stealth        | |  0.3

Action                   |  1- 3 |  4- 6 || total
-------------------------+-------+-------++-------
Melee: Hand axe          |   140 |   118 ||   258
       Kick              |       |    22 ||    22
Invok: Berserk           |       |     1 ||     1
  Use: Scroll            |     7 |     2 ||     9
       Potion            |     4 |     3 ||     7
 Stab: Sleeping          |     1 |       ||     1
  Eat: Chunk             |    18 |    14 ||    32
Armor: Animal skin       |   102 |    44 ||   146
Dodge: Dodged            |   109 |    76 ||   185
